 Dungeon Crawl Stone Soup version 0.31-a0-664-g902f515a81 (webtiles) character file.

Game seed: 4528173634452011489

165 mopl the Sneak (level 5, -9/35 HPs)
             Began as an Octopode Brigand on Sept 2, 2023.
             Mangled by a gnoll
             ... wielding a +0 halberd
              (10 damage)
             ... on level 3 of the Dungeon.
             The game lasted 00:02:16 (1697 turns).

mopl the Sneak (Octopode Brigand)                   Turns: 1697, Time: 00:02:17

Health: -9/35      AC:  1    Str: 11    XL:     5   Next: 46%
Magic:  6/6        EV: 12    Int: 15    God:
Gold:   117        SH:  0    Dex: 13    Spells: 6/6 levels left

rFire   . . .        a - +2 dagger
rCold   . . .        (no shield)
rNeg    . . .        (helmet restricted)
rPois   .            (no amulet)
rElec   .            (no ring)
rCorr   .            (no ring)
SInv    .            (no ring)
Will    .....        (no ring)
Stlth   ++++         (no ring)
HPRegen 0.25/turn    (no ring)
MPRegen 0.10/turn    (no ring)
                     (no ring)

%: no passive effects
@: no status effects
A: almost no armour, amphibious, 8 rings, camouflage 1, gelatinous body 1,
(nimble swimmer 1), tentacles
a: no special abilities


You were on level 3 of the Dungeon.
You visited 1 branch of the dungeon, and saw 3 of its levels.

You collected 117 gold pieces.

Inventory:

Hand Weapons
 a - a +2 dagger (weapon)
 s - a +3 short sword
Missiles
 b - 9 poisoned darts (quivered)
 c - 3 curare-tipped darts
Armour
 q - an orb of guile
Jewellery
 m - a ring of fire
Scrolls
 e - a scroll of immolation {unknown}
 h - a scroll of teleportation {unknown}
 j - a scroll of amnesia {unknown}
 k - a scroll of identify {unknown}
 l - a scroll of enchant armour {unknown}
Potions
 d - 2 potions of berserk rage {unknown}
 f - a potion of attraction {unknown}
 g - a potion of haste {unknown}
 i - a potion of heal wounds {unknown}
 n - a potion of curing {unknown}
 o - a potion of cancellation {unknown}
 p - a potion of brilliance {unknown}
 r - a potion of ambrosia {unknown}
 t - a potion of lignification {unknown}


   Skills:
 + Level 2.7 Fighting
 + Level 2.8 Short Blades
 + Level 2.9 Throwing
 - Level 1.0 Dodging
 * Level 7.0 Stealth
 + Level 1.3 Spellcasting


You had 6 spell levels left.
You didn't know any spells.
Your spell library contained the following spells:

 Spells                   Type           Power      Damage    Failure   Level
 Cause Fear               Hex            0%         N/A       94%         4
 Fireball                 Conj/Fire      0%         3d3       100%        5
 Dragon's Call            Summ           0%         N/A       100%        9


Dungeon Overview and Level Annotations

Branches:
Dungeon (3/15)

Altars:
Uskayaw

Shops:
D:2 (


Innate Abilities, Weirdness & Mutations

You cannot wear most types of armour.
You are amphibious.
You can wear up to eight rings at the same time.
Your skin changes colour to match your surroundings (Stealth+).
Your rubbery body absorbs attacks. (AC +1, EV +1)
((You are camouflaged when in or above water. (Stealth+)))
You have tentacles for arms and can constrict up to eight enemies at once.


Message History

There is an open door here.
There is a stone staircase leading down here.
You climb downwards.
Found a mace.
There is a stone staircase leading up here.
There are monsters nearby!
A gnoll comes into view. It is wielding a +0 whip.
The gnoll moves out of view. 2 gnolls come into view.
A gnoll is wielding a +0 halberd.
The gnoll shouts! x2
The gnoll throws a throwing net.
The throwing net closely misses you.
The gnoll moves out of view.
You see here a throwing net.
A gnoll comes into view. It is wielding a +0 club.
The gnoll misses you.
The endoplasm quivers.
You hit the bat.
You kill the bat!
The endoplasm freezes you.
You are frozen.
You hit the gnoll. Your grab misses the gnoll.
The gnoll is moderately wounded.
The gnoll hits you from afar with a +0 spear.
The gnoll hits you with a +0 halberd! The endoplasm freezes you.
You are frozen.
You barely miss the gnoll. Your grab misses the gnoll.
Your squeeze misses the gnoll.
The gnoll is moderately wounded.
The gnoll closely misses you. x3; The endoplasm barely misses you.
You hit the gnoll. You grab the gnoll.
The gnoll is heavily wounded.
You constrict the gnoll, but do no damage.
The gnoll hits you with a +0 halberd!
* * * LOW HITPOINT WARNING * * *
The gnoll hits you with a +0 whip.
* * * LOW HITPOINT WARNING * * *
The gnoll barely misses you. The endoplasm barely misses you.
You release your grip on the gnoll.
The gnoll hits you with a +0 halberd!
You die...

#####.###
##.......#
#.....<..#
#........#
#........#
#..(....##
#.......##
#........#
#.@#..)#.#
#g.#...#.#
#gJ##.##.#
..gg# .#
#..... ..
#....# #.
.....#
#.##### #.


You could see 4 gnolls and an endoplasm.

Vanquished Creatures
  Jessica (D:2)
  8 adders (D:2)
  A dart slug (D:1)
  5 endoplasms
  5 giant cockroaches (D:1)
  6 hobgoblins
  4 jackals (D:2)
  8 ball pythons
  7 bats
  4 frilled lizards
  5 goblins
  8 kobolds
  3 rats
65 creatures vanquished.

Notes
Turn   | Place    | Note
-------+----------+-------------------------------------------
     0 | D:1      | mopl the Octopode Brigand began the quest for the Orb.
     0 | D:1      | Reached XP level 1. HP: 14/14 MP: 1/1
   264 | D:1      | Reached XP level 2. HP: 19/19 MP: 2/2
   527 | D:1      | Reached XP level 3. HP: 24/24 MP: 3/3
   629 | D:1      | Reached skill level 6 in Stealth
  1032 | D:2      | Found Aliupoqa's Weapon Shoppe.
  1075 | D:2      | Noticed Jessica
  1077 | D:2      | Found a hide-covered altar of Uskayaw.
  1095 | D:2      | Reached XP level 4. HP: 22/30 MP: 4/4
  1108 | D:2      | Killed Jessica
  1245 | D:2      | Reached skill level 1 in Spellcasting
  1593 | D:2      | Reached XP level 5. HP: 35/35 MP: 6/6
  1654 | D:2      | Reached skill level 7 in Stealth
  1696 | D:3      | HP: 1/35 [gnoll/+0 whip (5)]
  1697 | D:3      | Mangled by a gnoll

Illustrated notes

Levels and vault maps discovered:
D:1:      minmay_arrival_up_and_down, layout_loops_corners
D:2:      layout_loops_ring, serial_shops, nicolae_shop_tiny_real_fake_doors,
          basic_altar, minmay_snake_closets, uniq_jessica
D:3:      layout_basic, nicolae_overflow_hidden_temple, uniq_robin

Skill      XL: |  1  2  3  4  5 |
---------------+----------------+-----
Stealth        | 6 7 |  7.0
Spellcasting   | 1 |  1.3
Fighting       | |  2.7
Short Blades   | |  2.8
Throwing       | |  2.9
Dodging        | |  1.0

Action                     |  1- 3 |  4- 6 || total
---------------------------+-------+-------++-------
  Melee: Dagger            |    68 |    43 ||   111
         Constrict         |    12 |     9 ||    21
         Tentacles         |     7 |     5 ||    12
   Stab: Sleeping          |    21 |    14 ||    35
         Distracted        |     1 |       ||     1
 Armour: Skin              |    23 |    14 ||    37
  Dodge: Dodged            |    30 |    23 ||    53

Table legend: (Time is in decaauts)
 A = Elapsed time spent in this place.
 B = Non-inter-level travel time spent in this place.
 C = Inter-level travel time spent in this place.
 D = Time resting spent in this place.
 E = Time spent auto-exploring this place.
 F = Levels seen in this place.
 G = Mean time per level.
                   A        B        C        D        E       F      G
               +--------+--------+--------+--------+--------+-----+--------+
         Total |   1684 |   1631 |     53 |    158 |   1083 |   3 |  561.3 |
       Dungeon |   1684 |   1631 |     53 |    158 |   1083 |   3 |  561.3 |
               +--------+--------+--------+--------+--------+-----+--------+

Top non-repeatable levels by time:
     D:2: 914 daAuts
     D:1: 758 daAuts
     D:3: 11 daAuts
